 Dungeon Crawl Stone Soup version 0.22.0-60-ga52c2fcf6e (webtiles) character file.

158 Drachen the Sneak (level 5, 0/36 HPs)
             Began as an Octopode Fighter on Sept 10, 2018.
             Slain by an orc
             ... wielding a +0 trident
              (1 damage)
             ... on level 3 of the Dungeon.
             The game lasted 00:03:39 (2127 turns).

Drachen the Sneak (Octopode Fighter)                Turns: 2127, Time: 00:03:40

Health: 0/36       AC:  1    Str: 20    XL:     5   Next: 40%
Magic:  5/5        EV: 12    Int: 11    God:
Gold:   99         SH:  9    Dex: 12    Spells: 4/4 levels left

rFire    . . .     SeeInvis .   a - +0 long sword
rCold    . . .     Gourm    .   b - +0 shield
rNeg     . . .     Faith    .   (helmet restricted)
rPois    .         Spirit   .   (no amulet)
rElec    .         Reflect  .   (no ring)
rCorr    .         Harm     .   (no ring)
MR       .....                  (no ring)
Stlth    ++++......             (no ring)
HPRegen  0.12/turn              (no ring)
MPRegen  0.09/turn              (no ring)
                                (no ring)
                                (no ring)

@: mighty
A: almost no armour, stealthy swim, amphibious, 8 rings, constrict 8, camouflage
1, gelatinous body 1
a: no special abilities


You were on level 3 of the Dungeon.
You were not hungry.

You visited 1 branch of the dungeon, and saw 3 of its levels.

You collected 99 gold pieces.

Inventory:

Hand Weapons
 a - a +0 long sword (weapon)
Armour
 b - a +0 shield (worn)
Scrolls
 e - 2 scrolls of remove curse {unknown}
 f - a scroll of fear {unknown}
 g - 3 scrolls of teleportation {unknown}
 j - a scroll of amnesia {unknown}
 m - a scroll of enchant armour {unknown}
Potions
 h - a potion of invisibility {unknown}
 i - a potion of cancellation {unknown}
 k - a potion of lignification {unknown}
 l - a potion of curing {unknown}
Comestibles
 d - 2 rations


   Skills:
 - Level 3.0 Fighting
 + Level 2.9 Long Blades
 + Level 3.7 Dodging
 - Level 4.4 Stealth
 + Level 3.7 Shields


You had 4 spell levels left.
You didn't know any spells.
Your spell library was empty.

Dungeon Overview and Level Annotations

Branches:
Dungeon (3/15)

Altars:
Ashenzari


Innate Abilities, Weirdness & Mutations

You cannot wear most types of armour.
You are very stealthy in the water. (Stealth+)
You are amphibious.
You can wear up to eight rings at the same time.
You can use your tentacles to constrict eight enemies at once.
Your skin changes colour to match your surroundings (Stealth+).
Your rubbery body absorbs attacks. (AC +1, EV +1)


Message History

You kill the orc!
You block the orc's attack. The orc misses you.
You barely miss the orc. You grab the orc. You constrict the orc.
An orc comes into view. It is wielding a trident.
The orc hits you with a hand axe.
* * * LOW HITPOINT WARNING * * *
The orc hits you with a short sword!
* * * LOW HITPOINT WARNING * * *
The orc moves out of view.
You closely miss the orc. Your grab misses the orc. You constrict the orc.
The orc closely misses you. The orc barely misses you.
You barely miss the orc. You grab the orc. You constrict the orc. x2
You kill the orc!
The orc struggles to escape constriction.
An orc comes into view.
You block the orc's attack. x2; The orc moves out of view.
You completely miss the orc. You squeeze the orc.
You kill the orc!
The orc hits you from afar with a trident.
You die...

## .# # ########.# . #
#?.......#
#!#.#.#...†..# ######
#o#.#.#.....#######.)...
o....+.....†.....#.####
#.#.#@>..######.#...#.
#..o))....# #.###.#.
#..o#####.# #.# #.#.
#.....# .# #.# #.#.
............. #.# #.#.
##/.####.##..## #.###.#.
#.. .. .. #.....#. ...
... ###########. ... ...
#.......# #.


You could see 2 orcs.

Vanquished Creatures
  An orc priest (D:3)
  3 adders (D:2)
  2 oozes
  A worm (D:2)
  6 dart slugs
  3 leopard geckos
  5 orcs (D:3)
  3 bats (D:1)
  5 giant cockroaches
  9 goblins
  6 hobgoblins
  8 kobolds
  2 quokkas
  3 frilled lizards
  14 rats
71 creatures vanquished.

Notes
Turn   | Place    | Note
-------+----------+-------------------------------------------
     0 | D:1      | Drachen the Octopode Fighter began the quest for the Orb.
     0 | D:1      | Reached XP level 1. HP: 16/16 MP: 1/1
    15 | D:1      | Reached skill level 1 in Stealth
    68 | D:1      | Reached skill level 2 in Stealth
    69 | D:1      | Reached XP level 2. HP: 20/21 MP: 2/2
   135 | D:1      | Reached skill level 3 in Stealth
   176 | D:1      | You fall through a shaft!
   182 | D:2      | Reached XP level 3. HP: 23/26 MP: 3/3
   263 | D:2      | Reached skill level 4 in Stealth
   676 | D:1      | Reached XP level 4. HP: 31/31 MP: 4/4
  1654 | D:2      | Found a shattered altar of Ashenzari.
  2100 | D:3      | Reached XP level 5. HP: 35/36 MP: 5/5
  2124 | D:3      | HP: 1/36 [orc/short sword (7)]
  2127 | D:3      | Slain by an orc

Skill      XL: |  1  2  3 |
---------------+----------+-----
Stealth        | 2 3 4 |  4.4
Fighting       | |  3.0
Long Blades    | |  2.9
Dodging        | |  3.7
Shields        | |  3.7

Action                   |  1- 3 |  4- 6 || total
-------------------------+-------+-------++-------
Melee: Long sword        |    34 |    79 ||   113
       Tentacles         |     9 |    17 ||    26
       Constrict         |    11 |    27 ||    38
  Use: Potion            |       |     1 ||     1
 Stab: Sleeping          |    11 |    13 ||    24
       Distracted        |       |     1 ||     1
  Eat: Chunk             |       |     4 ||     4
Armor: Skin              |     2 |     2 ||     4
Dodge: Dodged            |    19 |    36 ||    55
Block: Shield            |     4 |    32 ||    36
       Rpst.: Long sword |     6 |     9 ||    15
